 Dungeon Crawl Stone Soup version 0.22-a0-580-gd5db89c (webtiles) character file.

2563 sking99 the Basher (level 9, 0/81 (84) HPs)
             Began as a Minotaur Fighter on July 3, 2018.
             Was a Follower of Ru.
             Slain by an unseen horror (5 damage)
             ... on level 8 of the Dungeon.
             The game lasted 00:11:59 (7262 turns).

sking99 the Basher (Minotaur Fighter)               Turns: 7262, Time: 00:12:00

HP:   0/81 (84)     AC: 11    Str: 20    XL:     9   Next: 31%
MP:   0/8           EV:  7    Int:  5    God:    Ru [*.....]
Gold: 498           SH:  9    Dex: 14    Spells: 8/8 levels left

rFire    . . .     SeeInvis .   a - +0 flail
rCold    . . .     Gourm    .   c - +0 shield
rNeg     . . .     Faith    +   H - +0 plate armour (curse)
rPois    .         Spirit   +   g - +0 hat
rElec    .         Reflect  .   G - scarf {Spirit}
rCorr    .         Harm     .   (no gloves)
MR       .....                  (no boots)
Stlth    ..........             x - amulet of faith
HPRegen  0.23/turn              m - ring of stealth
MPRegen  0.11/turn              F - +4 ring of evasion

@: no status effects
A: retaliatory headbutt, horns 2, no fire magic, no translocations magic, no
transmutations magic
a: Renounce Religion


You were on level 8 of the Dungeon.
You worshipped Ru.
Ru was aware of your devotion.
You were not hungry.

You visited 1 branch of the dungeon, and saw 8 of its levels.
You also visited: Ossuary.

You collected 498 gold pieces.

Inventory:

Hand Weapons
 a - a +0 flail (weapon)
Armour
 c - a +0 shield (worn)
 g - a +0 hat (worn)
 G - a scarf of spirit shield (worn)
 H - a cursed +0 plate armour (worn)
Jewellery
 m - a ring of stealth (left hand)
 q - an uncursed ring of wizardry
 w - an uncursed ring of flight
 x - an amulet of faith (around neck)
 z - an uncursed ring of fire
 B - an uncursed ring of wizardry
 F - a +4 ring of evasion (right hand)
Wands
 j - a wand of flame (16)
 o - a wand of random effects (29)
 C - a wand of digging (17)
Scrolls
 e - 3 scrolls of teleportation
 i - 2 scrolls of fog
 l - a scroll of remove curse
 t - a scroll of blinking {unknown}
 u - a scroll of amnesia {unknown}
 v - a scroll of enchant weapon {unknown}
 y - a scroll of noise {unknown}
Potions
 b - 5 potions of heal wounds
 d - 4 potions of might
 h - 4 potions of curing
 k - 2 potions of brilliance
 n - 3 potions of magic
 r - a potion of lignification
 s - a potion of berserk rage
 D - a potion of haste
Comestibles
 f - 11 rations


   Skills:
 + Level 9.5 Fighting
 * Level 12.2 Maces & Flails
 - Level 3.6 Armour
 - Level 3.6 Shields


You had 8 spell levels left.
You didn't know any spells.
Your spell library was empty.

Dungeon Overview and Level Annotations

Branches:
Dungeon (8/15)             Temple (0/1) D:6
   Lair: D:8-11

Altars:
Hepliaklqana
Kikubaaqudgha
Makhleb
Okawaru
Ru
Sif Muna
Uskayaw
Vehumet
Xom

Shops:
D:7 [


Innate Abilities, Weirdness & Mutations

You reflexively headbutt those who attack you in melee.
You have a pair of horns on your head.
You cannot study or cast Fire magic.
You cannot study or cast Translocations magic.
You cannot study or cast Transmutations magic.


Message History

You block something's attack. Something hits you but does no damage.
Something hits you.
* * * LOW HITPOINT WARNING * * *
Something hits you.
* * * LOW HITPOINT WARNING * * *
Something hits you.
* * * LOW HITPOINT WARNING * * *
Something hits you but does no damage. x2
Your plate armour prevents you from hitting something.
Something hits you.
* * * LOW HITPOINT WARNING * * *
Something hits you.
* * * LOW HITPOINT WARNING * * *
Something hits you.
* * * LOW HITPOINT WARNING * * *
You hit something. Your headbutt misses something. Something hits you.
* * * LOW HITPOINT WARNING * * *
Something hits you but does no damage. Something hits you.
You die...

.......#.#...##.....####.
...≈.........[...........
...≈≈...>................
.>≈≈≈≈......#...#.#.#####
..≈≈≈....#.<#...#.#.# ###
...≈.....##.#...#.#.# #..
................#.#.# #.#
........######..#.#.# #.#
........@.......#.#.# #.#
........#######.#.#.###.#
........# #............
........#####.#.#...#....
########.........#####....
#.........................
#...............#######...
#.....................'...
####............#######...


There were no monsters in sight!

Vanquished Creatures
  Psyche (D:8)
  Eustachio (D:5)
  A black bear (D:7)
  An orc warrior (D:8)
  2 phantoms
  2 necrophages
  Blork the orc (D:5)
  A bullfrog (D:7)
  7 water moccasin zombies (Ossuary)
  2 scorpions
  5 killer bees (D:8)
  A howler monkey (D:5)
  2 crimson imps (D:5)
  4 hounds
  A gnoll shaman (D:7)
  4 orc wizards
  An iguana (D:5)
  2 worker ants (D:5)
  A killer bee zombie (D:5)
  2 big kobold zombies (Ossuary)
  A hound skeleton (D:3)
  2 mummies (Ossuary)
  A worker ant zombie (D:8)
  4 gnolls
  11 adders
  A shadow imp (D:8)
  An ooze (D:3)
  5 adder zombies (Ossuary)
  3 worms
  2 leopard geckos
  16 orcs
  2 giant cockroaches
  A gnoll zombie (Ossuary)
  3 goblins
  9 hobgoblins
  2 jackals (D:7)
  8 kobolds
  A quokka (D:7)
  A ball python (D:1)
  6 bats
  6 frilled lizards
  7 kobold zombies (Ossuary)
  4 orc zombies (Ossuary)
  2 quokka zombies (D:5)
  5 rats
  2 rat zombies (D:4)
148 creatures vanquished.

Notes
Turn   | Place    | Note
-------+----------+-------------------------------------------
     0 | D:1      | sking99 the Minotaur Fighter began the quest for the Orb.
     0 | D:1      | Reached XP level 1. HP: 19/19 MP: 0/0
   300 | D:1      | Reached skill level 3 in Maces & Flails
   326 | D:1      | Reached XP level 2. HP: 27/27 MP: 1/1
  1104 | D:2      | Reached XP level 3. HP: 31/33 MP: 2/2
  1192 | D:2      | Reached skill level 4 in Maces & Flails
  1931 | D:3      | Reached XP level 4. HP: 39/41 MP: 3/3
  1959 | D:3      | Found a shimmering altar of Xom.
  2120 | D:3      | Found a shimmering altar of Xom.
  2120 | D:3      | Found a shimmering altar of Xom.
  2120 | D:3      | Found a shimmering altar of Xom.
  2122 | D:3      | Found a shimmering altar of Xom.
  2124 | D:3      | Found a shimmering altar of Xom.
  2124 | D:3      | Found a shimmering altar of Xom.
  2190 | D:3      | Reached skill level 5 in Maces & Flails
  2840 | D:4      | Found a radiant altar of Vehumet.
  2990 | D:4      | Found a sand-covered staircase.
  3003 | Ossuary  | Entered an ossuary
  3031 | Ossuary  | Reached skill level 5 in Fighting
  3031 | Ossuary  | Reached XP level 5. HP: 30/48 MP: 4/4
  3042 | Ossuary  | Reached skill level 6 in Maces & Flails
  3218 | Ossuary  | Reached XP level 6. HP: 55/57 MP: 5/5
  3258 | Ossuary  | Reached skill level 7 in Maces & Flails
  3289 | Ossuary  | Reached XP level 7. HP: 48/63 MP: 6/6
  3366 | Ossuary  | Reached skill level 8 in Maces & Flails
  3488 | D:4      | Found a sacrificial altar of Ru.
  3584 | D:4      | Became a worshipper of Ru the Awakened
  3821 | D:4      | Got a slimy ring mail
  3822 | D:4      | Identified the +0 ring mail of Duimy {rN+} (You found it on level 4 of the Dungeon)
  3955 | D:5      | Entered Level 5 of the Dungeon
  4007 | D:5      | Noticed Blork the orc
  4015 | D:5      | Killed Blork the orc
  4688 | D:5      | Reached skill level 9 in Maces & Flails
  4739 | D:5      | Noticed Eustachio
  4756 | D:5      | Killed Eustachio
  4756 | D:5      | Reached XP level 8. HP: 64/73 MP: 7/7
  4873 | D:5      | Found a burning altar of Makhleb.
  4932 | D:5      | Found a hazy altar of Hepliaklqana.
  4952 | D:5      | Reached skill level 10 in Maces & Flails
  4971 | D:5      | Found an iron altar of Okawaru.
  5125 | D:5      | Gained mutation: You cannot study or cast Fire magic. [Ru sacrifice]
  5125 | D:5      | Gained mutation: You cannot study or cast Transmutations magic. [Ru sacrifice]
  5125 | D:5      | Gained mutation: You cannot study or cast Translocations magic. [Ru sacrifice]
  5125 | D:5      | Reached * piety under Ru
  5503 | D:6      | Got a fine spear
  5504 | D:6      | Identified the +8 spear of Afatrova {drain, +Fly Str-2 Int-2 Dex+8} (You found it on level 6 of the Dungeon)
  5546 | D:6      | Found a staircase to the Ecumenical Temple.
  5677 | D:6      | Found an ancient bone altar of Kikubaaqudgha.
  5738 | D:6      | Found a hide-covered altar of Uskayaw.
  5739 | D:6      | Found a deep blue altar of Sif Muna.
  6235 | D:7      | Found Memus's Antique Armour Shoppe.
  6390 | D:7      | Reached skill level 11 in Maces & Flails
  6820 | D:8      | Reached XP level 9. HP: 48/79 MP: 5/8
  7088 | D:8      | Noticed Psyche
  7092 | D:8      | Paralysed by Psyche for 5 turns
  7102 | D:8      | Killed Psyche
  7102 | D:8      | Reached skill level 12 in Maces & Flails
  7262 | D:8      | Slain by an unseen horror

Vault maps used:
D:1:      evilmike_arrival_hilbert_curve, grunt_decor_cap
D:2:      minmay_wonky_spiral, first_ration
D:3:      nicolae_xom_altar_mimics
D:4:      nicolae_ru_path_of_blood, vehumet_altar_wand_db, enter_ossuary_4
D:5:      cheibrodos_barr_body, makhleb_blood_cavern_becter,
          grunt_temple_overflow_open, uniq_eustachio, uniq_blork_the_orc
D:6:      kiku_gazebo_garden_becter, chequers_temple_overflow_statue_of_worship,
          minmay_temple_entry_large_hall, serial_glass, glass_columns_c,
          glass_columns_b
D:7:      serial_shops, nicolae_shop_window_shopping
D:8:      dpeg_oklobed_lair, hangedman_pestilent_swarm, minivault_1, uniq_psyche
Ossuary:  ossuary_tomb_2

Skill      XL: |  1  2  3  4  5  6  7  8  9 |
---------------+----------------------------+-----
Maces & Flails | 3 4 5 6 7 9 11 12 | 12.2
Fighting       | 4 5 6 7 8 9 |  9.5
Armour         | |  3.6
Shields        | |  3.6

Action                   |  1- 3 |  4- 6 |  7- 9 || total
-------------------------+-------+-------+-------++-------
Melee: Flail             |    77 |   148 |   323 ||   548
       Headbutt          |     7 |    31 |    62 ||   100
Invok: Sacrifice Arcana  |       |       |     1 ||     1
  Use: Scroll            |       |     7 |     5 ||    12
  Eat: Chunk             |     3 |     4 |    10 ||    17
       Ration            |       |       |     1 ||     1
Armor: Scale mail        |    34 |     3 |       ||    37
       Chain mail        |       |    65 |    85 ||   150
       Plate armour      |       |       |   102 ||   102
Dodge: Dodged            |    25 |    33 |    80 ||   138
Block: Shield            |    39 |    83 |   151 ||   273

Table legend:
 A = Spawn XP
 B = Non-spawn XP
 C = Spawn XP percentage of total XP
 D = Spawn monster count
 E = Non-spawn monster count
 F = Spawn count percentage of total count
 G = Total turns spent on level
                    A         B        C        D         E        F      G
               +---------+---------+-------+---------+---------+-------+---------
         Total |       0 |    3662 |   0.0 |       0 |     148 |   0.0 |  7262
               +---------+---------+-------+---------+---------+-------+---------
           D:1 |       0 |      20 |   0.0 |       0 |      13 |   0.0 |   958
           D:2 |       0 |      74 |   0.0 |       0 |      16 |   0.0 |   970
           D:3 |       0 |      80 |   0.0 |       0 |      21 |   0.0 |   900
           D:4 |       0 |      24 |   0.0 |       0 |       7 |   0.0 |   654
           D:5 |       0 |    1107 |   0.0 |       0 |      29 |   0.0 |  1410
           D:6 |       0 |      58 |   0.0 |       0 |       3 |   0.0 |   759
           D:7 |       0 |     505 |   0.0 |       0 |      18 |   0.0 |   627
           D:8 |       0 |    1121 |   0.0 |       0 |      13 |   0.0 |   511
       Ossuary |       0 |     673 |   0.0 |       0 |      28 |   0.0 |   473
               +---------+---------+-------+---------+---------+-------+---------
